 Dungeon Crawl Stone Soup version 0.28-a0-592-g6fc52098c6 (webtiles) character file.

Game seed: 16687464558829798166

499 CurlyBrace the Conjurer (level 6, -5/26 HPs)
             Began as a Felid Fire Elementalist on Oct 4, 2021.
             Killed from afar by a white imp (11 damage)
             ... with a puff of frost
             ... on level 7 of the Dungeon.
             The game lasted 00:26:37 (1160 turns).

CurlyBrace the Conjurer (Felid Fire Elementalist)   Turns: 1160, Time: 00:26:38

Health: -5/26      AC:  2    Str:  5    XL:     6   Next: 94%
Magic:  8/13       EV: 18    Int: 17    God:
Gold:   67         SH:  0    Dex: 17    Spells: 0/13 levels left
                                        Lives:  0   Deaths: 2

rFire   . . .      SeeInvis +     - Unarmed
rCold   . . .      Faith    .   (shield unavailable)
rNeg    . . .      Spirit   .   (armour unavailable)
rPois   .          Reflect  .   (helmet unavailable)
rElec   .          Harm     .   (cloak unavailable)
rCorr   .          Rampage  .   (gloves unavailable)
Will    +....      Rage     1%  (boots unavailable)
Stlth   ++........              (no amulet)
HPRegen 0.08/turn               (no ring)
MPRegen 0.13/turn               (no ring)

@: quick
A: very small, claws 1, fangs 3, see invisible, speed 1, shaggy fur 2, stealthy
paws, no weapons or thrown items, no armour, multi-lived, antennae 1, berserk 1,
strong-willed 1
a: no special abilities


You were on level 7 of the Dungeon.
You visited 1 branch of the dungeon, and saw 9 of its levels.

You collected 133 gold pieces.
You spent 66 gold pieces at shops.

Inventory:

Jewellery
 b - a ring of willpower
   (You found it on level 5 of the Dungeon)
Scrolls
 r - a scroll of identify
Potions
 a - a potion of flight
 c - a potion of ambrosia
 q - a potion of curing


   Skills:
 - Level 2.0 Fighting
 - Level 3.0 Dodging
 - Level 3.0 Stealth
 - Level 1.0 Unarmed Combat
 - Level 4.0 Spellcasting
 + Level 4.8 Conjurations
 - Level 2.0 Hexes
 + Level 4.6 Fire Magic


You couldn't memorise any spells.
You knew the following spells:

 Your Spells              Type           Power      Damage    Failure   Level
a - Foxfire               Conj/Fire      76%        2x1d7     2%          1
b - Scorch                Fire           38%        2d6       3%          2
c - Conjure Flame         Conj/Fire      19%        6-21      7%          3
d - Inner Flame           Hex/Fire       14%        N/A       12%         3
e - Flame Wave            Conj/Fire      19%        3d5       22%         4

Your spell library contained the following spells:

 Spells                   Type           Power      Damage    Failure   Level
 Ensorcelled Hibernation  Hex/Ice        12%        N/A       16%         2
 Spider Form              Tmut/Pois      1%         N/A       43%         3


Dungeon Overview and Level Annotations

Branches:
Dungeon (9/15)
 Temple: D:4-7         Lair: D:8-11         Orc: D:9-12

Altars:

Shops:
D:2 ?   D:5 ?*

Annotations:
D:2 Sigmund
D:5 1 runed translucent door, KristoblXynda's ghost, weakling SpDe
D:6 2 transporters, yegreS's ghost, novice MiFi


Innate Abilities, Weirdness & Mutations

You have sharp claws.
You have razor-sharp teeth.
You have supernaturally acute eyesight. (SInv)
You cover ground quickly. (Speed+)
You are covered in thick fur. (AC +2)
Your paws help you pounce on unaware monsters.
You are incapable of wielding weapons or throwing items.
You cannot wear armour.
You gain extra lives every three experience levels.
You have a pair of small antennae on your head.
You tend to lose your temper in combat.
You are strong-willed. (Will+)


Message History

The foxfire hits the acid dragon.
The acid dragon explodes!
Training target 2.0 for Hexes reached!
Your Hexes skill increases to level 2!
Unknown command.
Press: ? - help, v - describe, . - travel, g - get item
Items here: a scorched spear; 22 stones.
The floor.
Found a potion of curing.
There is a stone staircase leading down here.
You climb downwards.
Found a scroll of identify.
There is a stone staircase leading up here.
You see here a scroll of identify.
r - a scroll of identify
There is a stone staircase leading up here.
You climb upwards.
There is a stone staircase leading down here.
You see here 18 gold pieces.
You now have enough gold to buy a scroll of fear on D:5, buy a scroll of amnesia on D:5, or buy a scroll of immolation on D:5.
You can access your shopping list by pressing '$'.
You now have 55 gold pieces (gained 18).
You see here a potion of curing.
q - a potion of curing You see here a potion of mutation.
Really quaff the potion of mutation?
You feel extremely strange.
You feel frail. A pair of antennae grows on your head!
You feel strong-willed.
Found 12 gold pieces.
Found a whip.
Found an escape hatch in the ceiling.
You see here 12 gold pieces.
You now have 67 gold pieces (gained 12).
There is an escape hatch in the ceiling here.
Really go through this one-way escape hatch?
A mysterious force pulls you upwards. The hatch slams shut behind you.
The white imp shouts!
The white imp gestures at you. The puff of frost hits you!
You die...

....### ###....
#...... # #.# #.
### # #$# #.# #. ..
...##.####.####.
#.##...............
#.W#........(K..[..
#.@.......###.#####
#.....##..# #.#
#.......##.##.#
#.....5.###.#.#
#.............#####
#.......###.#......
#....##z##.##z#####
...... .#.# #.# ..#
#z#


You could see a shadow, a wight and a white imp.

Vanquished Creatures
  A steam dragon (D:8)
  An acid dragon (D:8)
  A water moccasin (D:6)
  A black bear (D:6)
  An ogre (D:6)
  A centaur (D:7)
  An electric eel (D:6)
  A howler monkey (D:4)
  A bullfrog skeleton (D:7)
  2 hounds
  A centaur skeleton (D:4)
  An adder (D:6)
  2 ufetubi
  An orc (D:6)
  4 ball pythons
  A bat (D:1)
  An endoplasm (D:4)
  A giant cockroach (D:2)
  2 goblins
  A hobgoblin (D:2)
  4 kobolds
30 creatures vanquished.

Vanquished Creatures (collateral kills)
  A foxfire (D:6)
1 creature vanquished.

Vanquished Creatures (others)
  109 foxfires
109 creatures vanquished.

Grand Total: 140 creatures vanquished

Notes
Turn   | Place    | Note
-------+----------+-------------------------------------------
     0 | D:1      | CurlyBrace the Felid Fire Elementalist began the quest for
                  | the Orb.
     0 | D:1      | Reached XP level 1. HP: 7/7 MP: 4/4
    24 | D:1      | Found a faded altar of an unknown god.
    77 | D:1      | You fall into a shaft and drop 1 floor!
   111 | D:2      | Reached skill level 1 in Conjurations
   150 | D:2      | Noticed an orc priest
   150 | D:2      | Noticed an orc priest
   167 | D:2      | Found Hewnon's Magic Scroll Shoppe.
   208 | D:2      | Reached XP level 2. HP: 6/11 MP: 3/6
   213 | D:2      | Noticed Sigmund
   327 | D:4      | Reached XP level 3. HP: 4/14 MP: 1/8
   395 | D:4      | Reached XP level 4. HP: 6/18 MP: 1/9
   410 | D:4      | Learned a level 4 spell: Flame Wave
   414 | D:4      | Learned a level 3 spell: Conjure Flame
   447 | D:5      | Entered Level 5 of the Dungeon
   530 | D:5      | Found a runed translucent door.
   536 | D:5      | Noticed KristoblXynda's ghost (weakling SpDe)
   576 | D:5      | Noticed a scorpion
   601 | D:5      | Succumbed to a scorpion's poison
   602 | D:5      | Reached XP level 3. HP: -1/14 MP: 0/8
   650 | D:5      | Found Ofeqacly's General Store.
   657 | D:6      | Noticed an ogre
   659 | D:6      | Found a transporter.
   698 | D:6      | Killed an ogre
   699 | D:6      | Reached XP level 4. HP: 18/18 MP: 1/10
   705 | D:6      | Noticed a vampire
   707 | D:6      | Noticed a spectral centaur
   709 | D:6      | Found a transporter.
   709 | D:6      | Noticed yegreS's ghost (novice MiFi)
   713 | D:6      | Noticed a necrophage
   731 | D:5      | Bought 2 potions of curing for 66 gold pieces
   772 | D:5      | Found Akosob's Magic Scroll Shoppe.
   781 | D:6      | Noticed a black bear
   809 | D:6      | Killed a black bear
   810 | D:6      | Reached XP level 5. HP: 15/21 MP: 0/12
   893 | D:6      | Reached skill level 1 in Unarmed Combat
   893 | D:6      | Gained mutation: You are covered in thick fur. (AC +2)
                  | [Felid growth]
   893 | D:6      | Reached XP level 6. HP: 10/24 MP: 4/13
   899 | D:6      | Noticed a water moccasin
   919 | D:6      | Gained mutation: You tend to lose your temper in combat.
                  | [potion of mutation]
   919 | D:6      | Gained mutation: You are robust. (+10% HP) [potion of
                  | mutation]
   923 | D:6      | Killed a water moccasin
   924 | D:6      | Reached skill level 1 in Fighting
   987 | D:7      | Reached XP level 7. HP: 12/33 MP: 3/14
   995 | D:7      | Learned a level 2 spell: Scorch
   999 | D:7      | Learned a level 3 spell: Inner Flame
  1044 | D:8      | Noticed a steam dragon
  1069 | D:8      | Killed from afar by an acid dragon
  1070 | D:8      | Reached XP level 6. HP: -2/28 MP: 1/13
  1089 | D:8      | Killed a steam dragon
  1090 | D:8      | Reached skill level 1 in Hexes
  1099 | D:8      | Killed an acid dragon
  1136 | D:8      | Lost mutation: You are robust. (+10% HP) [potion of
                  | mutation]
  1136 | D:8      | Gained mutation: You have a pair of small antennae on your
                  | head. [potion of mutation]
  1136 | D:8      | Gained mutation: You are strong-willed. (Will+) [potion of
                  | mutation]
  1160 | D:7      | Noticed a shadow
  1160 | D:7      | Killed from afar by a white imp

Illustrated notes

Levels and vault maps discovered:
D:1:      saegor_arrival_simple_e, layout_loops_corners, serial_shops, shop,
          shapermc_ecumenical_altar_totnotflames
D:2:      cheibrodos_pilgrimage, layout_loops_ring, serial_shops, shop,
          uniq_sigmund
D:3:      layout_loops_ring, minitemple, minmay_misc_feat_pillars,
          chequers_avenue, kennysheep_big_empty_room, kennysheep_generic_room_4
D:4:      layout_gridville, serial_bayou_pond_e
D:5:      layout_basic, minmay_temple_entry_wispy, serial_shops, shop,
          nicolae_stop_n_shop_1, ebering_ghost_inner_flame
D:6:      cheibrodos_helix_gallery, layout_basic, gammafunk_ghost_mausoleum,
          minmay_manual_mares
D:7:      layout_loops_ring, cheibrodos_worm_habitat, lemuel_tele_altar,
          kennysheep_generic_room_6, uniq_prince_ribbit1
D:8:      layout_loops_cross
D:9:      layout_basic, nicolae_hepliaklqana_monster_ancestors,
          elyvilon_altar_1, zombieorc2_lemuel, grunt_ministairs_3,
          minmay_statue_crystal_thing

Skill      XL: |  1  2  3  4  5  6 |
---------------+-------------------+-----
Conjurations   | 1 2 3 4 |  4.8
Stealth        | 3 |  3.0
Fire Magic     | 3 4 |  4.6
Spellcasting   | 4 |  4.0
Unarmed Combat | 1 |  1.0
Fighting       | 2 |  2.0
Dodging        | 3 |  3.0
Hexes          | 2 |  2.0

Action                   |  1- 3 |  4- 6 |  7- 9 || total
-------------------------+-------+-------+-------++-------
Melee: Unarmed           |     5 |    17 |       ||    22
       Bite              |       |     1 |       ||     1
 Cast: Foxfire           |    32 |    36 |     2 ||    70
       Conjure Flame     |     1 |     3 |     1 ||     5
       Scorch            |       |     2 |     2 ||     4
       Flame Wave        |       |     2 |     1 ||     3
       Inner Flame       |       |     1 |       ||     1
  Use: Scroll            |     2 |     5 |       ||     7
       Potion            |     1 |     4 |     2 ||     7
 Stab: Sleeping          |       |     2 |       ||     2
Armor: Skin              |     1 |     3 |       ||     4
Dodge: Dodged            |    16 |    66 |     4 ||    86

Table legend: (Time is in decaauts)
 A = Elapsed time spent in this place.
 B = Non-inter-level travel time spent in this place.
 C = Inter-level travel time spent in this place.
 D = Time resting spent in this place.
 E = Time spent auto-exploring this place.
 F = Levels seen in this place.
 G = Mean time per level.
                   A        B        C        D        E       F      G
               +--------+--------+--------+--------+--------+-----+--------+
         Total |    996 |    971 |     25 |      0 |      0 |   9 |  110.7 |
       Dungeon |    996 |    971 |     25 |      0 |      0 |   9 |  110.7 |
               +--------+--------+--------+--------+--------+-----+--------+

Top non-repeatable levels by time:
     D:5: 217 daAuts
     D:6: 177 daAuts
     D:4: 124 daAuts
     D:7: 121 daAuts
     D:2: 103 daAuts
     D:8: 90 daAuts
     D:3: 76 daAuts
     D:1: 76 daAuts
     D:9: 7 daAuts
